 Dungeon Crawl Stone Soup version 0.31-a0-851-g7ff8af7976 (webtiles) character file.

Game seed: 17467109645108470980

5985 Nattfarinn the Basher (level 11, -3/84 HPs)
             Began as a Formicid Shapeshifter on Oct 5, 2023.
             Was a Follower of Ru.
             Slain by a vampire (9 damage)
             ... on level 11 of the Dungeon.
             The game lasted 00:19:27 (10602 turns).

Nattfarinn the Basher (Formicid Shapeshifter)      Turns: 10602, Time: 00:19:28

Health: -3/84      AC: 10    Str: 22    XL:     11   Next: 10%
Magic:  3/3        EV:  9    Int: 22    God:    Ru [*.....]
Gold:   459        SH:  0    Dex: 19    Spells: 10/10 levels left

rFire   . . .        v - +8 mace of Filumuima {antimagic, Int+5}
rCold   . . .        (no shield)
rNeg    . . .        n - +0 chain mail
rPois   .            (helmet unavailable)
rElec   .            (cloak currently unavailable)
rCorr   .            (gloves currently unavailable)
SInv    +            (boots currently unavailable)
Will    +....        M - amulet of Liberalism {Faith Dex+2} Stlth
                     k - +6 ring of dexterity
HPRegen 0.34/turn    f - +6 ring of intelligence
MPRegen 0.08/turn

%: faith
@: lethally poisoned (-3 -> -51), beast-form, marked
A: beast (slay +1), permanent stasis, dig shafts and tunnels, antennae 3, clumsy
1, inability to read after injury 2, four strong arms
a: Dig, Shaft Self, Begin Untransformation, Renounce Religion


You were on level 11 of the Dungeon.
You worshipped Ru.
Ru was aware of your devotion.
You were a hulking beast.
You visited 2 branches of the dungeon, and saw 12 of its levels.

You collected 549 gold pieces.
You spent 90 gold pieces at shops.

Inventory:

Hand Weapons
 g - a +0 flail
 h - a +0 dagger of electrocution
 v - the +8 mace of Filumuima (weapon) {antimagic, Int+5}
   (You found it on level 5 of the Dungeon)

   Int+5:     It affects your intelligence (+5).
 x - a +2 scythe of freezing
 F - a +2 whip of electrocution
Armour
 a - a +0 animal skin
 b - a +0 troll leather armour
 n - a +0 chain mail (worn)
 s - the +2 pair of boots of Distant Worlds {rElec rC- rN+ Str+3}
   (You found it on level 3 of the Dungeon)

   Str+3:     It affects your strength (+3).
   rC-:       It makes you vulnerable to cold.
   rElec:     It insulates you from electricity.
   rN+:       It protects you from negative energy.
Jewellery
 f - a +6 ring of intelligence (right hand)
 k - a +6 ring of dexterity (left hand)
 y - a ring of wizardry
 B - an amulet of magic regeneration
 M - the amulet of Liberalism (around neck) {Faith Dex+2}
   (You found it on level 9 of the Dungeon)

   [amulet of faith]

   Faith:     It allows you to gain divine favour quickly.
   Dex+2:     It affects your dexterity (+2).
Talismans
 c - a beast talisman (active)
 d - a flux talisman
 C - a serpent talisman
Wands
 D - a wand of mindburst (2)
 G - a wand of charming (9)
Scrolls
 e - 2 scrolls of immolation
 i - a scroll of enchant armour {unknown}
 o - a scroll of fear {unknown}
 u - 2 scrolls of enchant weapon
 A - 2 scrolls of vulnerability
 E - a scroll of poison {unknown}
 H - a scroll of revelation {unknown}
 I - a scroll of butterflies {unknown}
 J - a scroll of brand weapon {unknown}
Potions
 l - 5 potions of curing
 m - 2 potions of ambrosia
 q - 2 potions of brilliance
 r - 2 potions of enlightenment
 w - a potion of magic {unknown}
 z - a potion of mutation {unknown}
 L - a potion of might {unknown}


   Skills:
 - Level 7.1 Fighting
 * Level 12.9 Maces & Flails
 - Level 7.0 Armour
 - Level 1.7 Dodging
 - Level 3.0 Unarmed Combat
 - Level 3.2 Shapeshifting


You had 10 spell levels left.
You didn't know any spells.
Your spell library contained the following spells:

 Spells                   Type           Power      Damage    Failure   Level
 Necrotise                Necr           0%         1d4       67%         1
 Ensorcelled Hibernation  Hex/Ice        0%         N/A       80%         2
 Lesser Beckoning         Tloc           0%         N/A       80%         2
 Momentum Strike          Conj/Tloc      0%         3d8       80%         2
 Passwall                 Tmut/Erth      0%         N/A       80%         2
 Wereblood                Tmut           0%         N/A       80%         2
 Summon Guardian Golem    Hex/Summ       0%         N/A       95%         3
 Tukima's Dance           Hex            0%         N/A       95%         3
 Vampiric Draining        Necr           0%         2d6       95%         3
 Dimensional Bullseye     Hex/Tloc       0%         N/A       100%        4
 Iskenderun's Mystic Bla  Conj/Tloc      0%         2d3       100%        4
 Olgreb's Toxic Radiance  Pois           0%         N/A       100%        4
 Agony                    Necr           0%         N/A       100%        5
 Irradiate                Conj/Tmut      0%         3d11      100%        5
 Orb of Destruction       Conj           0%         9d5       100%        7
 Spellforged Servitor     Conj/Summ      0%         N/A       100%        7
 Discord                  Hex            0%         N/A       100%        8
 Ignition                 Fire           0%         3d3       100%        8
 Blink                    Tloc           Unusable   N/A       N/A         2
 Swiftness                Air            Unusable   N/A       N/A         3

Dungeon Overview and Level Annotations

Branches:
Dungeon (12/15)            Temple (1/1) D:6            Lair (0/5) D:9
    Orc (0/2) D:11

Altars:
Ashenzari
Cheibriados
Dithmenos
Elyvilon
Fedhas
Gozag
Hepliaklqana
Kikubaaqudgha
Makhleb
Nemelex Xobeh
Okawaru
Qazlal
Ru
Sif Muna
Trog
Uskayaw
Vehumet
Wu Jian
Xom
Yredelemnul
Zin
The Shining One

Shops:
D:4 [   D:7 *

Annotations:
D:2 1 runed translucent door, Crazy Yiuf
D:9 Grum


Innate Abilities, Weirdness & Mutations

You are a hulking beast.
Your limbs bulge with bestial killing power. (Slay +1)
You cannot be hasted, slowed, berserked, paralysed or teleported.
You can dig through walls and to a lower floor.
You have a pair of large antennae on your head. (SInv)
You are clumsy. (Dex -2)
You sometimes lose the ability to read scrolls when taking damage.
Your four strong arms can wield two-handed weapons with a shield.


Message History

The green ugly thing tail-slaps you but does no damage.
You hit the green ugly thing but do no damage.
The green ugly thing is moderately wounded.
The green ugly thing tail-slaps you but does no damage.
You sock the green ugly thing!
The green ugly thing is heavily wounded.
You sock the green ugly thing!
The green ugly thing is severely wounded.
The green ugly thing tail-slaps you!
You are lethally poisoned!
The green ugly thing poisons you!
You closely miss the green ugly thing.
The green ugly thing is severely wounded.
You can read scrolls again.
* * * LOW HITPOINT WARNING * * *
You feel extremely sick. The vampire hits you.
* * * LOW HITPOINT WARNING * * *
The vampire bites you.
* * * LOW HITPOINT WARNING * * *
The vampire draws strength from your injuries!
The green ugly thing barely misses you.
You feel much better.
You feel extremely sick.
The vampire hits you but does no damage.
The vampire bites you but does no damage.
The green ugly thing tail-slaps you.
You are lethally poisoned!
The green ugly thing poisons you!
You sock the green ugly thing!
The green ugly thing is almost dead.
* * * LOW HITPOINT WARNING * * *
You feel extremely sick.
The vampire barely misses you. x2; The green ugly thing barely misses you.
You hit the green ugly thing.
You kill the green ugly thing!
* * * LOW HITPOINT WARNING * * *
You feel extremely sick. The vampire hits you!
You die...

###................#
###..8)...>....8..
##..)...........
##)).........# ..
#.....8.....# #..
####.....## ....
###.### #....
#.######.....
#....hV......
###...†......
#......##..
####....... .......
....... ###.... ....
...


You could see a vampire.

Vanquished Creatures
  2 ugly things
  A manticore (D:11)
  An unseen horror zombie (D:8)
  2 trolls
  A hornet (D:9)
  3 yaks
  Sigmund (D:5)
  A wyvern (D:8)
  2 wraiths
  A steam dragon (D:7)
  3 water moccasins
  2 sky beasts
  3 ogres
  A centaur (D:7)
  3 phantoms
  3 kobold brigands
  3 bullfrogs
  A gnoll sergeant (D:7)
  A wyvern zombie (D:8)
  3 scorpions
  A wight (D:8)
  4 howler monkeys
  2 centaur zombies (D:8)
  A human zombie (D:8)
  2 orc priests
  4 hounds
  4 jellies
  7 sleepcaps
  4 iguanas
  Natasha (thrice) (D:2)
  6 orc wizards
  A killer bee zombie (D:8)
  5 mummies (D:8)
  Robin (D:2)
  5 gnolls
  3 adders
  A shadow imp (D:8)
  2 white imps
  An ufetubus (D:6)
  A worm (D:2)
  3 dart slugs
  30 orcs
  3 ball pythons
  7 endoplasms
  2 giant cockroaches
  12 goblins
  12 hobgoblins
  17 kobolds
  8 quokkas
  6 bats
  5 rats
201 creatures vanquished.

Notes
Turn   | Place    | Note
-------+----------+-------------------------------------------
     0 | D:1      | Nattfarinn the Formicid Shapeshifter began the quest for
                  | the Orb.
     0 | D:1      | Reached XP level 1. HP: 15/15 MP: 1/1
   182 | D:1      | Reached XP level 2. HP: 22/22 MP: 2/2
   320 | D:1      | Reached skill level 1 in Armour
   763 | D:2      | Reached XP level 3. HP: 28/28 MP: 3/3
  1029 | D:2      | Found a runed translucent door.
  1030 | D:2      | Noticed Crazy Yiuf
  1178 | D:2      | Noticed Robin
  1769 | D:2      | Reached XP level 4. HP: 31/35 MP: 4/4
  1795 | D:2      | Killed Robin
  2223 | D:2      | Noticed Natasha
  2228 | D:2      | Killed Natasha
  2381 | D:2      | Noticed Natasha
  2386 | D:2      | Reached XP level 5. HP: 31/42 MP: 5/5
  2389 | D:2      | Killed Natasha
  2459 | D:2      | Noticed Natasha
  2464 | D:2      | Killed Natasha
  2552 | D:3      | Noticed an ogre
  2563 | D:3      | Killed an ogre
  2564 | D:3      | Reached skill level 5 in Fighting
  2564 | D:3      | Reached XP level 6. HP: 42/51 MP: 6/6
  3056 | D:3      | Reached XP level 7. HP: 55/57 MP: 7/7
  3192 | D:3      | Identified the +2 pair of boots of Distant Worlds {rElec
                  | rC- rN+ Str+3}
  3734 | D:4      | Found Fomev's Armour Shoppe.
  4930 | D:5      | Entered Level 5 of the Dungeon
  4958 | D:4      | Reached skill level 5 in Armour
  4958 | D:4      | Reached XP level 8. HP: 41/67 MP: 8/8
  5067 | D:5      | Identified the +8 mace of Filumuima {antimagic, Int+5}
  5084 | D:5      | Found a snail-covered altar of Cheibriados.
  5143 | D:5      | Reached skill level 1 in Maces & Flails
  5182 | D:5      | Noticed Sigmund
  5188 | D:5      | Killed Sigmund
  5189 | D:5      | Reached skill level 2 in Maces & Flails
  5213 | D:5      | Reached skill level 3 in Maces & Flails
  5334 | D:5      | Reached skill level 4 in Maces & Flails
  5669 | D:5      | Reached XP level 9. HP: 49/72 MP: 3/9
  5672 | D:5      | Reached skill level 5 in Maces & Flails
  6255 | D:6      | Found a staircase to the Ecumenical Temple.
  6268 | Temple   | Entered the Ecumenical Temple
  6294 | Temple   | Became a worshipper of Ru the Awakened
  6579 | D:6      | Reached skill level 6 in Maces & Flails
  6695 | D:6      | Reached skill level 7 in Maces & Flails
  6900 | D:7      | Found Lapul's Neck Hole.
  7137 | D:7      | Found a stormy altar of Qazlal.
  7333 | D:7      | Reached skill level 8 in Maces & Flails
  7351 | D:7      | Gained mutation: You are clumsy. (Dex -2) [Ru sacrifice]
  7449 | D:7      | Found a blossoming altar of Fedhas.
  7460 | D:7      | Found a shimmering blue altar of Sif Muna.
  7551 | D:7      | Found Zin's Purification Station.
  7552 | D:7      | Found a glowing silver altar of Zin.
  7566 | D:7      | Bought a potion of curing for 90 gold pieces
  7614 | D:7      | Found a hazy altar of Hepliaklqana.
  7904 | D:8      | Found an ornate altar of the Wu Jian Council.
  7904 | D:8      | Found a radiant altar of Vehumet.
  8078 | D:8      | Found an opulent altar of Gozag.
  8355 | D:8      | Found a glowing golden altar of the Shining One.
  8473 | D:8      | Reached skill level 9 in Maces & Flails
  8473 | D:8      | Reached XP level 10. HP: 65/79 MP: 3/10
  8809 | D:8      | Reached skill level 10 in Maces & Flails
  8948 | D:8      | Found a basalt altar of Yredelemnul.
  9088 | D:9      | Reached skill level 11 in Maces & Flails
  9711 | D:9      | Identified the amulet of Liberalism {Faith Dex+2}
  9852 | D:9      | Found a staircase to the Lair.
  9878 | D:9      | Noticed Grum
  9885 | D:9      | You fall into a shaft and drop 3 floors!
 10085 | D:12     | Reached skill level 12 in Maces & Flails
 10158 | D:12     | Noticed a white ugly thing
 10185 | D:12     | Killed a white ugly thing
 10321 | D:11     | Reached XP level 11. HP: 31/84 MP: 3/11
 10498 | D:11     | Gained mutation: You occasionally lose the ability to read
                  | scrolls when taking damage. [Ru sacrifice]
 10498 | D:11     | Gained mutation: You sometimes lose the ability to read
                  | scrolls when taking damage. [Ru sacrifice]
 10498 | D:11     | Reached * piety under Ru
 10526 | D:11     | Noticed a two-headed ogre
 10557 | D:11     | Found a staircase to the Orcish Mines.
 10581 | D:11     | Noticed a manticore
 10585 | D:11     | Noticed a green ugly thing
 10590 | D:11     | Killed a manticore
 10602 | D:11     | Killed a green ugly thing
 10602 | D:11     | Slain by a vampire

Illustrated notes

Levels and vault maps discovered:
D:1:      eino_arrival_water_star, layout_loops_ring, hangedman_decor_push,
          minmay_misc_feat_x, eino_curves_02
D:2:      layout_basic, minmay_gold_behind_fungi, uniq_crazy_yiuf_cottage,
          uniq_natasha, uniq_robin
D:3:      layout_basic
D:4:      layout_gridville, nicolae_stop_n_shop_1,
          chequers_serial_rivers_micro_e, kennysheep_generic_room_7
D:5:      layout_layer_cave, cheibriados_altar_1, uniq_sigmund
D:6:      layout_basic, minmay_temple_entry_slanted
D:7:      layout_cave_pools, mainiacjoe_overflow_six_doors_small, zin_purify,
          mainiacjoe_overflow_paths, mainiacjoe_overflow_small_starburst,
          nicolae_sif_muna_condensation, enter_bailey_8, abandoned_shop,
          eino_small_chamber_without_monster, minmay_misc_feat_iff,
          nicolae_shop_sticking_my_neck_out
D:8:      layout_loops_corners, nicolae_gozag_seed_capital,
          lemuel_mausoleum_altar_yredelemnul, tso_altar,
          mainiacjoe_overflow_divided_tiny
D:9:      hellmonk_ruined_rings, layout_cave_pods, uniq_maggie, uniq_grum
D:11:     layout_cross, david_orc_2, minmay_starry_boxes, uniq_erica,
          uniq_gastronok
D:12:     layout_gridville, lemuel_old_faithful
Temple:   chequers_temple_sunken

Skill      XL: |  1  2  3  4  5  6  7  8  9 10 |
---------------+-------------------------------+-----
Fighting       | 2 3 5 7 |  7.1
Armour         | 1 2 3 5 7 |  7.0
Maces & Flails | 4 9 12 | 12.9
Dodging        | |  1.7
Unarmed Combat | |  3.0
Shapeshifting  | |  3.2

Action                     |  1- 3 |  4- 6 |  7- 9 | 10-12 || total
---------------------------+-------+-------+-------+-------++-------
  Melee: Unarmed           |    25 |       |       |       ||    25
         Punch             |     1 |     3 |     8 |     6 ||    18
         Flail             |    41 |       |       |       ||    41
         Dagger            |     9 |   100 |   132 |       ||   241
         Mace              |       |       |   177 |   210 ||   387
 Invoke: Sacrifice Purity  |       |       |     1 |       ||     1
         Sacrifice Words   |       |       |       |     1 ||     1
Ability: Shaft Self        |       |       |       |     1 ||     1
    Use: Potion            |     4 |       |       |     2 ||     6
         Scroll            |       |       |       |     7 ||     7
   Stab: Sleeping          |     2 |     1 |       |       ||     3
 Armour: Animal skin       |    58 |    23 |       |       ||    81
         Chain mail        |       |    33 |   277 |   160 ||   470
         Skin              |       |     3 |       |    14 ||    17
  Dodge: Dodged            |    41 |    44 |   165 |    87 ||   337

Table legend: (Time is in decaauts)
 A = Elapsed time spent in this place.
 B = Non-inter-level travel time spent in this place.
 C = Inter-level travel time spent in this place.
 D = Time resting spent in this place.
 E = Time spent auto-exploring this place.
 F = Levels seen in this place.
 G = Mean time per level.
                   A        B        C        D        E       F      G
               +--------+--------+--------+--------+--------+-----+--------+
         Total |  10615 |  10377 |    238 |   1875 |   6815 |  12 |  884.6 |
       Dungeon |  10455 |  10239 |    216 |   1772 |   6815 |  11 |  950.5 |
        Temple |    160 |    138 |     22 |    103 |      0 |   1 |  160.0 |
               +--------+--------+--------+--------+--------+-----+--------+

Top non-repeatable levels by time:
     D:2: 1695 daAuts
     D:4: 1296 daAuts
     D:8: 1266 daAuts
     D:5: 1207 daAuts
     D:3: 1203 daAuts
     D:1: 848 daAuts
     D:9: 800 daAuts
     D:7: 769 daAuts
     D:6: 666 daAuts
    D:12: 396 daAuts
    D:11: 303 daAuts
  Temple: 160 daAuts
